Kurba, chaotic male human Monk ------- ----- |......#######################-...| ------ #..%...| |...| ----------- |.....###### ###|.....| #-...| |$$$$$$$$$| |....| # ------ % |.....| ###----- |$$$$$$$$.| |....| #%|....| ### |.<...| # $$$$$$$.. |...[| ##.....| # |.....-# ### ..... |....| ##|....| # -.-.---# # -.- |....-#######------ # ### ### # ## -.---- ##%### # ### # # # # # # # #### ### ------------# ## #### ###### # ## # |...........# -.----.-------- # ## # #### ##|..........| |...j@........| ----.--# # # # ###|.)......).| |l.........l..| |.....-### # ## # # ------------ |.............| |.....| # -.--.-.-### --------------- |.....| ###|......|# ------- #+.{....|# ---.---- # Kurba the Initiate Experience level: 6 Strength: 18 Dexterity: 14 Constitution: 10 Intelligence: 11 Wisdom: 12 Charisma: 11 Health: 0(51) Energy: 25(25) Def: 6 Gold: 0 Moves: 2320 Dungeon seed: gj1q9fW_hF21xJf9 Game ID: Kurba_1492414736 Your Inventory: Armor e - an uncursed +2 pair of leather gloves (being worn) n - a blessed +1 robe (being worn) q - an uncursed +0 cloak of displacement Comestibles d - 4 uncursed food rations f - 5 uncursed apples g - 6 uncursed oranges h - an uncursed fortune cookie i - an uncursed carrot Scrolls b - an uncursed scroll of magic mapping v - 2 cursed scrolls of blank paper Spellbooks a - a blessed spellbook of healing Potions p - an uncursed potion of full healing u - an uncursed potion of confusion Rings l - a cursed ring of free action (on left hand) Wands m - a wand of undead turning (0:4) o - a wand of locking (0:4) Gems r - an uncursed worthless piece of orange glass Spells and supernatural/magical abilities: Name Level Category Fail Memory h - healing 1 healing 0% 89% W - pray for help -- divine ? -- Your skills at the end: Fighting Skills martial arts [Basic] Weapon Skills Spellcasting Skills healing spells [Basic] Final Attributes: You were piously aligned. You were sleep resistant. You were poison resistant. You saw invisible. You were stealthy. You were fast. You had free action. You are dead. Vanquished creatures: a rock piercer a gray ooze a paper golem a little dog 2 floating eyes 2 kobold lords 2 rothes 3 orc zombies an iguana 8 killer bees 3 coyotes a gas spore a giant rat a gnome zombie 3 geckos 2 foxes a kobold a goblin 12 grid bugs 7 bats 3 lichens 3 newts 60 creatures vanquished. Voluntary challenges: You were vegetarian. You were an atheist. You never hit with a wielded weapon. You read items or engraved 3 times, starting on turn 752. You never genocided any monsters. You never polymorphed an object. You never changed form. You used no wishes. You never split a pudding. You wrote Elbereth's name 1 time, starting on turn 2237. You never violated your personal moral code. Dungeon overview: The Dungeons of Doom: levels 1 to 6 Level 1 an altar to Chih Sung-tzu a long staircase Level 2 Level 3 a fountain Level 4 an altar to Chih Sung-tzu, a fountain a long staircase Level 5 a fountain Level 6 <- You were here a fountain History has recorded: On T:1 you entered the Dungeons of Doom to retrieve the Amulet of Yendor! On T:270 you reached level 2 of The Dungeons of Doom. On T:681 you advanced to experience level 2. On T:714 you reached level 3 of The Dungeons of Doom. On T:842 you advanced to experience level 3. On T:973 you reached level 4 of The Dungeons of Doom. On T:1161 you advanced to experience level 4. On T:1393 you reached level 5 of The Dungeons of Doom. On T:1786 you reached level 6 of The Dungeons of Doom. On T:2047 you advanced to experience level 5. On T:2263 you advanced to experience level 6. Score breakdown: Gold: 0 ( 0 points) Experience: 6 levels (12456 points) Exploration: 6 levels ( 13.04%) (10000 points) Discoveries: 1 item ( 0.36%) ( 1792 points) Valuables value: (no points given unless you survive) Artifact value: 0 ( 0 points) Variety of kills: 22 monsters ( 5.77%) ( 7208 points) Turncount: 2320 turns ( -220 points) Survival: died (score multiplied by 80%) Total score: 24988 Latest messages: The killer bee misses. (2x) The killer bee stings! (2x) The killer bee's sting was poisoned! The poison doesn't seem to affect you. You kill the killer bee! The killer bee stings! You kill the killer bee! You see here a killer bee corpse. (2x) You hit the leprechaun! The leprechaun hits! Your purse feels lighter. Something is written here in the dust. You read: "El ?rcth". You see here a killer bee corpse. You see here a gray ooze corpse. You hit the blue jelly. You are suddenly very cold! You hit the blue jelly. You are suddenly very cold! You hit the blue jelly. You are suddenly very cold! You die... Final status: Goodbye Kurba the Monk, killed by a blue jelly... You died in The Dungeons of Doom on dungeon level 6 with 24988 points, and 0 pieces of gold, after 2320 moves. You were level 6 with a maximum of 51 hit points when you died.